AoeStats
← IsraDguez

MegaRandom

504572077Analyzed
2v2 RM · 27d ago on Sep 5, 2026· 23m 37s· 4 players
Game mode
Random Map
Map size
Medium (4 player)
Population
200
Speed
Normal
Resources
Standard
Victory
Conquest
Starting age
Dark Age
Ending age
Imperial Age
RankedLock teamsTeams togetherTeam positionsShared explorationLock speedFull tech treeHidden civsTurbo modeCheats
Victory
Defeat
🇲🇽 Georgians · Mexico
1112
+16
🇲🇽 Maya · Mexico
1074
+16
🇨🇦 Malians · Canada
1102
-16
🇭🇺 Franks · Hungary
1099
-16
King Dario II
3:33 Loom
10:10 Loom
12:32 Feudal Age
12:39 Man-at-Arms
13:55 Arson
15:37 Scale Mail Armor
18:55 Bloodlines
20:04 Scale Barding Armor
23:18 Forging
IsraDguez
0:37 Loom
10:52 Feudal Age
12:52 Double-Bit Axe
13:17 Scale Mail Armor
13:51 Forging
18:15 Wheelbarrow
23:10 Castle Age
moleMTL
10:04 Feudal Age
10:01 Loom
10:51 Man-at-Arms
13:18 Double-Bit Axe
14:45 Scale Mail Armor
17:50 Fletching
24:11 Castle Age
ehunevazze
4:41 Loom
9:21 Feudal Age
10:36 Town Watch
15:34 Scale Barding Armor
21:19 Castle Age
Connection lost

Rejoining the realm…

Still unreachable

The connection could not be restored.

Session expired

The server has moved on; the page needs a fresh start.